 Seeded DCSS version 0.27.1 (webtiles) character file.

Game seed: 17384682837998859162 (custom seed)

2838 nicksoapdish the Cleaver (level 9, -10/89 HPs)
             Began as an Ogre Ice Elementalist on Aug 23, 2021.
             Was a Follower of Qazlal.
             Mangled by Harold (18 damage)
             ... on level 7 of the Dungeon on Aug 24, 2021.
             The game lasted 00:26:10 (9505 turns).

nicksoapdish the Cleaver (Ogre Ice Elementalist)    Turns: 9505, Time: 00:26:10

Health: -10/89     AC:  6    Str: 26    XL:     9   Next: 74%
Magic:  13/20      EV:  9    Int: 23    God:    Qazlal [*.....]
Gold:   406        SH:  2    Dex:  7    Spells: 7/23 levels left

rFire    + . .     SeeInvis .   a - +0 battleaxe
rCold    + . .     Faith    .   (shield currently unavailable)
rNeg     . . .     Spirit   .   I - +1 robe {rC+}
rPois    .         Reflect  .   h - +2 hat
rElec    .         Harm     .   (no cloak)
rCorr    .         Rampage  .   (gloves unavailable)
Will     +++..                  (boots unavailable)
Stlth    ..........             n - amulet of magic regeneration
HPRegen  0.24/turn              j - ring of protection from fire
MPRegen  0.42/turn              u - ring "Puicsofy" {Will+++ Str+10 Int+6 Dex-2 Stlth-}

@: studying Axes
A: large, unfitting armour, tough skin 1
a: Renounce Religion


You were on level 7 of the Dungeon.
You worshipped Qazlal.
Qazlal was aware of your devotion.
You visited 2 branches of the dungeon, and saw 8 of its levels.
You also visited: Sewer.

You collected 406 gold pieces.

Inventory:

Hand Weapons
 a - a +0 battleaxe (weapon)
 b - a +2 dagger of venom
 p - a +0 hand axe
 C - a +0 war axe
 K - a +0 giant club
 L - a +0 trident
Missiles
 m - 2 boomerangs of dispersal (quivered)
Armour
 h - a +2 hat (worn)
 l - a +0 robe
 I - a +1 robe of cold resistance (worn)
Jewellery
 j - a ring of protection from fire (left hand)
 n - an amulet of magic regeneration (around neck)
 u - the ring "Puicsofy" (right hand) {Will+++ Str+10 Int+6 Dex-2 Stlth-}
   (You took it off an orc priest on level 4 of the Dungeon)

   [ring of intelligence]

   Str:       It affects your strength (+10).
   Int:       It affects your intelligence (+6).
   Dex:       It affects your dexterity (-2).
   Will:      It greatly increases your willpower.
   Stlth:     It makes you less stealthy.
 D - a ring of flight
 J - a ring of wizardry
Wands
 i - a wand of mindburst (9)
 E - a wand of flame (15)
 G - a wand of polymorph (7)
 H - a wand of charming (7)
Scrolls
 c - 2 scrolls of blinking {unknown}
 e - 3 scrolls of teleportation
 g - 2 scrolls of enchant weapon {unknown}
 k - 2 scrolls of immolation {unknown}
 o - a scroll of amnesia {unknown}
 t - a scroll of vulnerability {unknown}
 x - a scroll of silence {unknown}
 y - a scroll of enchant armour
 F - a scroll of torment {unknown}
Potions
 d - a potion of brilliance {unknown}
 f - a potion of berserk rage {unknown}
 q - 2 potions of flight
 r - a potion of attraction {unknown}
 s - 5 potions of curing
 v - a potion of cancellation
 w - 4 potions of heal wounds
 z - 2 potions of mutation {unknown}
 A - a potion of might
 B - 2 potions of haste


   Skills:
 * Level 6.1 Fighting
 * Level 8.2 Axes
 - Level 1.7 Dodging
 - Level 1.4 Stealth
 + Level 7.7 Spellcasting
 * Level 4.0 Conjurations
 * Level 1.6 Hexes
 + Level 6.9 Ice Magic


You had 7 spell levels left.
You knew the following spells:

 Your Spells              Type           Power      Damage    Failure   Level
a - Freeze                Ice            100%       1d11      1%          1
b - Frozen Ramparts       Ice            80%        1d10      1%          3
c - Ozocubu's Armour      Ice            40%        N/A       1%          3
d - Hailstorm             Conj/Ice       34%        3d9       8%          4
e - Ensorcelled Hibernat  Hex/Ice        56%        N/A       1%          2
f - Static Discharge      Conj/Air       18%        N/A       4%          2
g - Sting                 Tmut/Pois      32%        1d4       7%          1

Your spell library contained the following spells:

 Spells                   Type           Power      Damage    Failure   Level
 Animate Skeleton         Necr           16%        N/A       7%          1
 Poisonous Vapours        Pois/Air       16%        N/A       11%         2
 Spider Form              Tmut/Pois      4%         N/A       22%         3
 Sticky Flame             Conj/Fire      18%        2d4       30%         4
 Dispel Undead            Necr           8%         3d8       56%         4
 Olgreb's Toxic Radiance  Pois           8%         N/A       56%         4
 Shadow Creatures         Summ           N/A        N/A       100%        6


Dungeon Overview and Level Annotations

Branches:
Dungeon (7/15)             Temple (1/1) D:6           Sewer (visited)

Altars:
Ashenzari
Cheibriados
Dithmenos
Elyvilon
Gozag
Hepliaklqana
Kikubaaqudgha
Makhleb
Nemelex Xobeh
Okawaru
Qazlal
Ru
Sif Muna
Trog
Uskayaw
Vehumet
Wu Jian
Xom
Yredelemnul
Zin
The Shining One

Annotations:
D:7 Harold, Menkaure


Innate Abilities, Weirdness & Mutations

You are too large for most types of armour.
You have tough skin. (AC +1)


Message History

Okay, then.
Okay, then.
Casting: Frozen Ramparts (safe; 1% risk of failure)
Confirm with . or Enter, or press ? or * to list all spells.
Casting: Hailstorm (dangerous; 8% risk of failure)
Press: ? - help, Dir - look around, f - activate A cannonade of hail descends around you!
The hail pelts Harold!
Harold partially resists.
Harold is moderately wounded.
Harold resists.
The wall freezes Harold.
Harold hits you from afar with a +0 glaive!!
Casting: Hailstorm (dangerous; 8% risk of failure)
Confirm with . or Enter, or press ? or * to list all spells.
Casting: Hailstorm (dangerous; 8% risk of failure)
Press: ? - help, Dir - look around, f - activate A cannonade of hail descends around you!
The hail pelts Harold!
Harold partially resists.
Harold is heavily wounded.
Harold resists.
The wall freezes Harold.
Harold hits you from afar with a +0 glaive.
You tear a large gash into the net.
Menkaure mumbles in an indecipherable tongue.
Menkaure casts a spell.
Menkaure seems to speed up.
Harold resists.
The wall freezes Harold.
Harold hits you from afar with a +0 glaive!
You struggle against the net.
Harold resists.
The wall freezes Harold.
Harold hits you from afar with a +0 glaive!
You shred the net and break free!
Harold resists.
The wall freezes Harold.
Harold hits you from afar with a +0 glaive!
* * * LOW HITPOINT WARNING * * *
Your frozen ramparts will break if you move.
Continue?
The frozen ramparts melt away as you move.
Harold points at you and mumbles some strange words.
You resist with some effort. Harold fires a harpoon shot at you.
The harpoon shot hits you!
* * * LOW HITPOINT WARNING * * *
You are yanked forward by the harpoon shot.
Harold hits you from afar with a +0 glaive!!
You die...

...##...#....##....#..###
........................##
#....##...........#......#
..................####...#
......<..............#..###
................##........##
...##.......###..†.<.......#
##.##.........#...○........#
##..#.........##@..☼....####
##..............M...#...##
###........####@'#####...##
###.....#.##...... #....###
#.#...[####........ ###....#
........##.......... #....##
..###..##............
##....# .####.##
............. ##...##
...##.# ..............
#....#


You could see Harold and Menkaure (fast).

Vanquished Creatures
  A steam dragon (D:4)
  2 water moccasins (D:5)
  A black bear (D:4)
  An orc warrior (D:7)
  An ice beast (D:5)
  3 ogres
  A necrophage (D:5)
  A centaur (D:6)
  A phantom (D:6)
  A kobold brigand (Sewer)
  A bullfrog (D:7)
  3 scorpions
  A wyvern skeleton (D:6)
  5 killer bees (D:7)
  An electric eel (D:7)
  A howler monkey (D:7)
  A centaur zombie (D:6)
  6 hounds
  A jelly (D:5)
  5 orc priests
  A bullfrog skeleton (D:7)
  2 gnoll shamans (D:7)
  4 iguanas
  3 iron imps (D:3)
  An orc wizard (D:6)
  A scorpion zombie (D:5)
  A hound skeleton (D:4)
  10 gnolls
  A howler monkey skeleton (D:6)
  A river rat (Sewer)
  6 adders
  A white imp (D:6)
  An ufetubus (D:4)
  2 dart slugs
  22 orcs
  7 ball pythons
  6 endoplasms
  8 giant cockroaches
  12 goblins
  8 hobgoblins
  5 jackals
  10 kobolds
  4 quokkas
  7 bats
  2 frilled lizards
  10 rats
174 creatures vanquished.

Vanquished Creatures (others)
  A fungus (D:3)
1 creature vanquished.

Grand Total: 175 creatures vanquished

Notes
Turn   | Place    | Note
-------+----------+-------------------------------------------
     0 | D:1      | nicksoapdish the Ogre Ice Elementalist began the quest for
                  | the Orb.
     0 | D:1      | Reached XP level 1. HP: 16/16 MP: 3/3
   180 | D:1      | Reached XP level 2. HP: 16/26 MP: 5/5
   802 | D:1      | Reached skill level 1 in Fighting
   803 | D:1      | Reached XP level 3. HP: 33/33 MP: 1/7
  1862 | D:2      | Learned a level 3 spell: Frozen Ramparts
  1866 | D:2      | Learned a level 3 spell: Ozocubu's Armour
  2117 | D:2      | Reached XP level 4. HP: 37/41 MP: 5/9
  3249 | D:3      | Reached XP level 5. HP: 49/49 MP: 6/11
  3254 | D:3      | Learned a level 4 spell: Hailstorm
  3301 | D:3      | Found a faded altar of an unknown god.
  3306 | D:3      | Got Plato's Incunabulum of Evil
  3616 | D:3      | Found a burning altar of Makhleb.
  3913 | D:4      | Reached XP level 6. HP: 38/59 MP: 9/12
  3957 | D:4      | Reached skill level 1 in Conjurations
  3957 | D:4      | Reached skill level 5 in Ice Magic
  4341 | D:4      | Reached skill level 1 in Axes
  4438 | D:4      | Noticed a steam dragon
  4448 | D:4      | Killed a steam dragon
  4449 | D:4      | Reached skill level 5 in Spellcasting
  4449 | D:4      | Reached XP level 7. HP: 39/67 MP: 12/14
  4620 | D:4      | Reached skill level 2 in Axes
  5107 | D:4      | Identified the ring "Puicsofy" {Will+++ Str+10 Int+6 Dex-2
                  | Stlth-}
  5746 | D:5      | Entered Level 5 of the Dungeon
  5753 | D:5      | Reached skill level 3 in Axes
  5875 | D:5      | Reached skill level 4 in Axes
  5875 | D:5      | Reached XP level 8. HP: 60/78 MP: 9/16
  5915 | D:5      | Found an ornate altar of the Wu Jian Council.
  5915 | D:5      | Found a shimmering blue altar of Sif Muna.
  5974 | D:5      | Reached skill level 5 in Axes
  6036 | D:5      | Found a glowing drain.
  6052 | Sewer    | Entered a sewer
  6285 | Sewer    | Found a white marble altar of Elyvilon.
  6433 | D:5      | Learned a level 2 spell: Ensorcelled Hibernation
  6436 | D:5      | Learned a level 2 spell: Static Discharge
  6438 | D:5      | Learned a level 1 spell: Sting
  6682 | D:5      | Reached skill level 6 in Axes
  6766 | D:5      | Found a radiant altar of Vehumet.
  6808 | D:5      | Found a glowing silver altar of Zin.
  7127 | D:6      | Reached skill level 5 in Fighting
  7266 | D:6      | Found a staircase to the Ecumenical Temple.
  7272 | Temple   | Entered the Ecumenical Temple
  7398 | Temple   | Became a worshipper of Qazlal Stormbringer
  7462 | D:6      | Reached XP level 9. HP: 88/88 MP: 14/19
  7612 | D:6      | Found a snail-covered altar of Cheibriados.
  7634 | D:6      | Reached skill level 7 in Axes
  8638 | D:7      | Reached * piety under Qazlal
  8838 | D:7      | Reached skill level 1 in Hexes
  8911 | D:7      | Reached skill level 8 in Axes
  9495 | D:7      | Noticed Harold
  9496 | D:7      | Noticed Menkaure
  9505 | D:7      | Mangled by Harold

Illustrated notes

Levels and vault maps discovered:
D:1:      enne_arrival_octagon_isle, layout_loops_ring, nrook_uturn,
          chequers_serial_rivers_marsh
D:2:      layout_basic, minivault_5, minmay_surrounded
D:3:      layout_basic, demons_altar, shapermc_ecumenical_altar_rom_forum,
          minmay_tree_intersection
D:4:      layout_cave_pools, serial_park_tiny_1, nrook_mini_vaults,
          supply_closet_lemuel, minmay_manual_monstrance
D:5:      layout_loops_cross, nicolae_overflow_quartered_altars,
          gup_sewer_entry_pipe, hangedman_abyss_or_decor_passed,
          minmay_starry_boxes
D:6:      layout_cave_pods, cheibriados_altar_1,
          minmay_temple_entry_proselytizer, serial_rivers,
          chequers_serial_rivers_small_a, chequers_serial_rivers_large_b,
          chequers_serial_rivers_room_b, chequers_serial_rivers_small_a,
          chequers_serial_rivers_micro_b, chequers_serial_rivers_micro_d
D:7:      layout_cave_pools, kennysheep_big_empty_room, lightli_minifort,
          uniq_harold, uniq_menkaure, uniq_joseph
Temple:   regret_index_temple_waves

Skill      XL: |  1  2  3  4  5  6  7  8  9 |
---------------+----------------------------+-----
Ice Magic      | 4 5 6 |  6.9
Fighting       | 1 2 3 4 5 6 |  6.1
Spellcasting   | 3 4 5 6 7 |  7.7
Conjurations   | 1 2 3 4 |  4.0
Axes           | 1 4 6 8 |  8.2
Hexes          | 1 |  1.6
Dodging        | |  1.7
Stealth        | |  1.4

Action                   |  1- 3 |  4- 6 |  7- 9 || total
-------------------------+-------+-------+-------++-------
Melee: Unarmed           |    12 |       |       ||    12
       Short sword       |     8 |    17 |       ||    25
       Dagger            |       |    16 |       ||    16
       Hand axe          |       |    24 |       ||    24
       Battleaxe         |       |    10 |   148 ||   158
Throw: Boomerang         |       |       |     1 ||     1
 Cast: Freeze            |    58 |    18 |     1 ||    77
       Frozen Ramparts   |       |    27 |    46 ||    73
       Ozocubu's Armour  |       |    13 |    27 ||    40
       Static Discharge  |       |       |     2 ||     2
       Hailstorm         |       |       |    17 ||    17
       Sting             |       |       |     1 ||     1
  Use: Scroll            |       |       |     7 ||     7
Armor: Robe              |    15 |    21 |    68 ||   104
Dodge: Dodged            |    29 |    40 |    72 ||   141
